 Dungeon Crawl Stone Soup version 0.28-a0-1002-gf00fe891ef (webtiles) character file.

Game seed: 5660154103172480994

3168 Dvallin the Slicer (level 10, -6/56 HPs)
             Began as a Kobold Fighter on Dec 7, 2021.
             Was a Follower of Uskayaw.
             Mangled by a red ugly thing (14 damage)
             ... on level 8 of the Dungeon.
             The game lasted 00:15:53 (8309 turns).

Dvallin the Slicer (Kobold Fighter)                 Turns: 8309, Time: 00:15:56

Health: -6/56      AC: 14    Str: 23    XL:     10   Next: 16%
Magic:  13/15      EV: 10    Int:  9    God:    Uskayaw [*.....]
Gold:   535        SH:  7    Dex: 16    Spells: 9/9 levels left

rFire   . . .      SeeInvis .   z - +2 demon blade (elec)
rCold   . . .      Faith    +   c - +1 buckler
rNeg    . . .      Spirit   .   r - +3 chain mail
rPois   .          Reflect  .   g - +0 helmet
rElec   .          Harm     .   (no cloak)
rCorr   .          Rampage  .   (no gloves)
Will    .....                   x - +0 pair of boots
Stlth   ..........              j - amulet of faith
HPRegen 0.18/turn               q - +6 ring of strength
MPRegen 0.14/turn               (no ring)

@: no status effects
A: small, no large weapons, nightstalker 3
a: Renounce Religion, Stomp


You were on level 8 of the Dungeon.
You worshipped Uskayaw.
Uskayaw was noncommittal.
You visited 1 branch of the dungeon, and saw 8 of its levels.
You also visited: Sewer.

You collected 535 gold pieces.

Inventory:

Hand Weapons
 a - a +1 rapier of protection
 z - a +2 demon blade of electrocution (weapon)
Armour
 c - a +1 buckler (worn)
 g - a +0 helmet (worn)
 r - a +3 chain mail (worn)
 x - a +0 pair of boots (worn)
 C - +0 swamp dragon scales
Jewellery
 j - an amulet of faith (around neck)
 q - a +6 ring of strength (left hand)
 B - a ring of protection from cold
Scrolls
 e - 2 scrolls of teleportation
 i - 2 scrolls of torment
 s - a scroll of summoning
 t - a scroll of magic mapping {unknown}
 u - 2 scrolls of enchant weapon
 w - 5 scrolls of fear {unknown}
 y - 4 scrolls of identify
 A - a scroll of blinking {unknown}
Potions
 b - a potion of brilliance {unknown}
 d - a potion of might
 f - 2 potions of flight
 h - a potion of curing
 k - 2 potions of magic {unknown}
 l - a potion of experience {unknown}
 m - 4 potions of heal wounds
 n - a potion of attraction
 o - 2 potions of lignification
 p - a potion of cancellation {unknown}
 v - a potion of invisibility {unknown}
 D - a potion of ambrosia {unknown}
 E - a potion of degeneration {unknown}
 F - 2 potions of resistance {unknown}
 G - a potion of mutation {unknown}


   Skills:
 + Level 4.0 Fighting
 - Level 10.2(11.3) Short Blades
 * Level 4.9(6.4) Long Blades
 + Level 3.0 Armour
 - Level 5.6 Shields
 + Level 7.2 Invocations


You had 9 spell levels left.
You didn't know any spells.
Your spell library contained the following spells:

 Spells                   Type           Power      Damage    Failure   Level
 Beastly Appendage        Tmut           0%         N/A       97%         1
 Magic Dart               Conj           0%         1d3       97%         1
 Slow                     Hex            0%         N/A       97%         1
 Call Imp                 Summ           0%         N/A       99%         2
 Ensorcelled Hibernation  Hex/Ice        0%         N/A       99%         2
 Sublimation of Blood     Necr           0%         N/A       99%         2
 Wereblood                Tmut           0%         N/A       99%         2
 Confusing Touch          Hex            0%         N/A       100%        3
 Mephitic Cloud           Conj/Pois/Air  0%         N/A       100%        3
 Spider Form              Tmut/Pois      0%         N/A       100%        3
 Stone Arrow              Conj/Erth      0%         3d7       100%        3
 Animate Armour           Summ/Erth      0%         N/A       100%        4
 Petrify                  Tmut/Erth      0%         N/A       100%        4
 Metabolic Englaciation   Hex/Ice        0%         N/A       100%        5
 Yara's Violent Unravell  Hex/Tmut       0%         3d3       100%        5
 Statue Form              Tmut/Erth      0%         N/A       100%        6
 Summon Hydra             Summ           0%         N/A       100%        7
 Lehudib's Crystal Spear  Conj/Erth      0%         10d2      100%        8


Dungeon Overview and Level Annotations

Branches:
Dungeon (8/15)             Temple (0/1) D:5           Sewer (visited)
   Lair: D:8-11

Altars:
Gozag
Uskayaw
Vehumet
Xom


Innate Abilities, Weirdness & Mutations

You are small and have problems with some larger weapons.
You are completely attuned to the shadows.


Message History

You see here a +0 leather armour.
Found a stone staircase leading down.
Found a stone staircase leading up.
y - 4 scrolls of identify (gained 1)
You see here a water moccasin corpse.
Done exploring.
Done exploring.
(D) Dungeon (T) Temple
Where to? (Enter - D:7, ? - help)
There is a stone staircase leading down here.
You climb downwards.
Found a stone staircase leading up.
There is a stone staircase leading up here.
You now have 535 gold pieces (gained 16).
Found a stone staircase leading down.
A red ugly thing comes into view.
Okay, then.
The red ugly thing bites you.
You are engulfed in flames!
You hit the red ugly thing.
The red ugly thing is lightly wounded.
The red ugly thing bites you.
You are engulfed in flames!!
* * * LOW HITPOINT WARNING * * *
You are too injured to fight recklessly!
You stomp with the beat, sending a shockwave through the revellers around you!
The red ugly thing is moderately wounded.
You can no longer stomp with the beat.
You block the red ugly thing's attack.
You can now stomp with the beat.
The red ugly thing barely misses you.
Press: ? - help, v - describe, . - travel
Here: a red ugly thing (lightly wounded)
The floor.
A red ugly thing is nearby!
You slash the red ugly thing!
Lightning courses through the red ugly thing!
The red ugly thing is heavily wounded.
The red ugly thing bites you!
* * * LOW HITPOINT WARNING * * *
You are engulfed in flames!
You die...

#..# #.# #.#
#..#########.# #.#
#............# .....###
#.# #..######.##.#
.....#. #.#
..................... .#
#.#
#.........##.#......#..#
#.#
.....###..##.#......#..#
#.# #..#.#
#..##...........# #<#
#..#.###..##....@...#.##
#...
#..#......##..#u###.#.#
####
#..#.###..#.........# #
..........#...#.###.#
..............#.# #.#
..............#.# #..
...............># #.#.
..#.#....#...#..
..........


You could see a red ugly thing.

Vanquished Creatures
  Maggie (D:6)
  A troll (D:6)
  Sigmund (D:6)
  Eustachio (D:4)
  3 water moccasins
  A black bear (D:7)
  2 ice beasts (D:7)
  2 phantoms
  A bullfrog (D:7)
  4 scorpions
  2 water moccasin zombies (D:6)
  A water moccasin skeleton (D:6)
  4 howler monkeys
  2 bullfrog zombies (D:6)
  3 centaur zombies (D:6)
  2 hounds (D:5)
  4 jellies
  2 centaur skeletons
  2 orc priests (D:7)
  4 bullfrog skeletons (D:6)
  A scorpion zombie (D:5)
  3 iguanas
  2 orc wizards (D:5)
  A killer bee zombie (D:6)
  A howler monkey zombie (D:6)
  6 adders
  7 gnolls
  A howler monkey skeleton (D:5)
  6 river rats
  A worm (D:5)
  2 dart slugs
  8 orcs
  11 ball pythons
  5 endoplasms
  9 giant cockroaches
  8 goblins
  7 hobgoblins
  3 jackals (D:2)
  4 kobolds
  2 quokkas
  8 bats
  10 frilled lizards
  13 rats
162 creatures vanquished.

Notes
Turn   | Place    | Note
-------+----------+-------------------------------------------
     0 | D:1      | Dvallin the Kobold Fighter began the quest for the Orb.
     0 | D:1      | Reached XP level 1. HP: 14/14 MP: 1/1
    73 | D:1      | Reached skill level 3 in Short Blades
   185 | D:1      | Reached XP level 2. HP: 19/19 MP: 2/2
   330 | D:1      | Found a faded altar of an unknown god.
   447 | D:1      | Prayed at the altar of an unknown god.
   447 | D:1      | Became a worshipper of Uskayaw the Reveller
   447 | D:1      | Reached * piety under Uskayaw
   615 | D:1      | Reached ** piety under Uskayaw
   699 | D:2      | Reached XP level 3. HP: 15/23 MP: 3/3
   702 | D:2      | Reached *** piety under Uskayaw
   706 | D:2      | Reached skill level 4 in Short Blades
   987 | D:2      | Reached skill level 1 in Invocations
  1032 | D:2      | Reached XP level 4. HP: 28/28 MP: 4/4
  1750 | D:3      | Reached skill level 5 in Short Blades
  1754 | D:3      | Reached **** piety under Uskayaw
  1755 | D:3      | Reached XP level 5. HP: 15/32 MP: 6/6
  2295 | D:3      | Found an opulent altar of Gozag.
  3039 | D:4      | Reached skill level 6 in Short Blades
  3039 | D:4      | Reached XP level 6. HP: 37/37 MP: 7/7
  3118 | D:4      | Noticed Eustachio
  3154 | D:4      | Killed Eustachio
  3155 | D:4      | Reached XP level 7. HP: 20/41 MP: 4/9
  3549 | D:4      | Reached skill level 7 in Short Blades
  3731 | D:4      | Noticed a water moccasin
  3743 | D:4      | Killed a water moccasin
  4361 | D:5      | Entered Level 5 of the Dungeon
  4634 | D:5      | Reached skill level 8 in Short Blades
  4634 | D:5      | Reached XP level 8. HP: 37/46 MP: 9/11
  4749 | D:5      | Found a staircase to the Ecumenical Temple.
  4796 | D:5      | Identified the +1 leather armour of Gallantry {rPois rF+}
  4823 | D:5      | Found a glowing drain.
  4829 | Sewer    | Entered a sewer
  5059 | Sewer    | Reached skill level 9 in Short Blades
  5557 | D:5      | Reached skill level 5 in Invocations
  5985 | D:5      | Identified the +7 shortbow "Uptail" {flame, Str+4 Dex+4}
  6185 | D:6      | Reached ***** piety under Uskayaw
  6186 | D:6      | Reached skill level 10 in Short Blades
  6187 | D:6      | Reached skill level 5 in Shields
  6187 | D:6      | Reached XP level 9. HP: 49/51 MP: 12/12
  6328 | D:6      | Reached skill level 1 in Long Blades
  6332 | D:6      | Noticed Maggie
  6338 | D:6      | Noticed Sigmund
  6339 | D:6      | Killed Maggie
  6348 | D:6      | Killed Sigmund
  6720 | D:6      | You fall into a shaft and drop 2 floors!
  6924 | D:6      | Noticed a troll
  6933 | D:6      | Killed a troll
  7179 | D:6      | Found a shimmering altar of Xom.
  7184 | D:6      | Found a radiant altar of Vehumet.
  7603 | D:7      | Reached XP level 10. HP: 51/56 MP: 15/15
  8297 | D:8      | Noticed a red ugly thing
  8309 | D:8      | Mangled by a red ugly thing

Illustrated notes

Levels and vault maps discovered:
D:1:      saegor_arrival_simple_b, layout_basic,
          nicolae_ecumenical_snake_handling, minmay_misc_feat_rows, minivault_27
D:2:      minmay_wonky_spiral, layout_rooms, minmay_tetromino_o4
D:3:      layout_basic, nicolae_gozag_cash_rules_everything_around_me,
          guppyfry_early_orc_mine
D:4:      layout_gridville, minmay_misc_feat_encased, minmay_door_square,
          uniq_eustachio
D:5:      layout_cave_pods, minmay_temple_entry_large_hall, portal_sewer_entry_b
D:6:      layout_basic, minitemple, serial_undead, serial_undead_e,
          serial_undead_b, serial_undead_d, serial_undead_e, serial_undead_e,
          serial_undead_d, uniq_sigmund, uniq_maggie
D:7:      layout_cave_pools, kennysheep_small_square
D:8:      layout_basic, amcnicky_mini_pool_small, minmay_misc_feat_hallway,
          nicolae_straight_to_the_point, uniq_harold, uniq_maurice

Skill      XL: |  1  2  3  4  5  6  7  8  9 10 |
---------------+-------------------------------+-----
Short Blades   | 3 4 5 6 8 10 | 10.2
Invocations    | 1 2 3 4 5 6 7 |  7.2
Shields        | 3 4 5 |  5.6
Long Blades    | 4 |  4.9
Fighting       | 4 |  4.0
Armour         | 3 |  3.0

Action                   |  1- 3 |  4- 6 |  7- 9 | 10-12 || total
-------------------------+-------+-------+-------+-------++-------
Melee: Rapier            |   109 |   139 |   242 |       ||   490
       Demon blade       |       |       |    67 |    28 ||    95
Invok: Stomp             |       |     3 |     4 |     2 ||     9
       Line Pass         |       |       |     2 |       ||     2
  Use: Scroll            |       |       |    12 |       ||    12
       Potion            |       |       |     3 |       ||     3
 Stab: Paralysed         |       |     3 |     7 |       ||    10
       Confused          |       |       |     1 |       ||     1
Armor: Scale mail        |    46 |    33 |       |       ||    79
       Chain mail        |       |    46 |   115 |    14 ||   175
Dodge: Dodged            |    62 |    72 |   103 |    11 ||   248
Block: Buckler           |    36 |    30 |    83 |     9 ||   158

Table legend: (Time is in decaauts)
 A = Elapsed time spent in this place.
 B = Non-inter-level travel time spent in this place.
 C = Inter-level travel time spent in this place.
 D = Time resting spent in this place.
 E = Time spent auto-exploring this place.
 F = Levels seen in this place.
 G = Mean time per level.
                   A        B        C        D        E       F      G
               +--------+--------+--------+--------+--------+-----+--------+
         Total |   8312 |   8158 |    154 |    205 |   6520 |   9 |  923.6 |
       Dungeon |   7744 |   7590 |    154 |     34 |   6260 |   8 |  968.0 |
         Sewer |    568 |    568 |      0 |    171 |    259 |   1 |  568.0 |
               +--------+--------+--------+--------+--------+-----+--------+

Top non-repeatable levels by time:
     D:4: 1553 daAuts
     D:3: 1382 daAuts
     D:6: 1288 daAuts
     D:5: 1197 daAuts
     D:7: 756 daAuts
     D:2: 735 daAuts
     D:1: 689 daAuts
   Sewer: 568 daAuts
     D:8: 143 daAuts
